[Event "Manhem Chess Week-Elo 2019"]
[Site "Moelnlycke"]
[Date "2019.08.12"]
[Round "3.8"]
[White "Berg, Roy"]
[Black "Peterson, Rolf"]
[Result "1-0"]
[ECO "A48"]
[WhiteElo "1913"]
[BlackElo "1580"]
[Annotator "NA RC"]
[PlyCount "118"]
[EventDate "2019.08.10"]
[EventType "tourn"]
[EventCountry "SWE"]
[SourceTitle "playchess.com"]
[Source "ChessBase"]
[SourceQuality "1"]
[TimeControl "40/5400+30:1800+30"]

1. d4 Nf6 2. Nf3 g6 3. Bf4 Bg7 4. e3 Nh5 5. Bg3 Nxg3 6. hxg3 c5 7. c3 Qb6 8. Qb3 Qxb3 9. axb3 cxd4 10. Nxd4 a6 11. Nd2 O-O 12. Bd3 d5 13. Nb5 Nc6 14. Nc7 Rb8 15. Nxd5 Rd8 16. Be4 f5 17. Bf3 e5 18. Nb6 Be6 19. Ndc4 e4 20. Be2 h6 21. O-O Bf8 22. b4 Be7 23. Rfd1 Kg7 24. f4 g5 25. Kf2 g4 26. Rh1 Rh8 27. Rad1 h5 28. Nd7 Rbc8 29. Ndb6 Rcg8 30. Nd5 Bd8 31. Nd6 h4 32. gxh4 g3+ 33. Kg1 Bxd5 34. Nxf5+ Kf6 35. Rxd5 Ne7 36. Nxe7 Bxe7 37. h5 Rd8 38. Bc4 b5 39. Bb3 Rxd5 40. Bxd5 Rd8 41. Bb3 Rd2 42. Kf1 Rf2+ 43. Ke1 Rxg2 44. Bd1 Kg7 45. Be2 Kh6 46. Kd2 Rf2 47. Rh3 g2 48. Rg3 Bh4 49. Rg6+ Kh7 50. b3 Kh8 51. c4 bxc4 52. bxc4 Be7 53. c5 a5 54. bxa5 Bxc5 55. a6 Bb4+ 56. Kd1 Rf1+ 57. Kc2 g1=Q 58. Bxf1 Qxf1 59. Rg4 Be7 {[%emt 0:11:03] Kd1} 1-0

[Event "Manhem Chess Week-Elo 2019"]
[Site "Moelnlycke"]
[Date "2019.08.13"]
[Round "4.1"]
[White "Bengtsson, Jonas"]
[Black "Moller, Mikael"]
[Result "1-0"]
[ECO "A35"]
[WhiteElo "2145"]
[BlackElo "1957"]
[Annotator "NA"]
[PlyCount "95"]
[EventDate "2019.08.10"]
[EventType "tourn"]
[EventCountry "SWE"]
[SourceTitle "playchess.com"]
[Source "ChessBase"]
[SourceQuality "1"]
[TimeControl "40/5400+30:1800+30"]

1. d4 g6 2. c4 Bg7 3. Nf3 c5 4. Nc3 cxd4 5. Nxd4 Nc6 6. Nc2 Bxc3+ 7. bxc3 Nf6 8. g3 Qa5 9. Ne3 Qxc3+ 10. Bd2 Qd4 11. Bg2 Ne4 12. Bxe4 Qxe4 13. f3 Qd4 14. Nd5 O-O 15. Rc1 $15 d6 16. e3 Qc5 17. Qb3 Rb8 18. Qb2 f6 19. Kf2 e5 20. Nc3 Nb4 21. Qb1 Qxc4 22. Kg2 Qd3 23. Qb3+ Kg7 24. Rhd1 a5 25. Be1 Qxe3 26. Bf2 Qh6 27. Nb5 Qh3+ 28. Kg1 Be6 29. Qa4 Bd5 30. Rc7+ Kh8 31. Qa3 Rbc8 32. Rxc8 Rxc8 33. Nxd6 Rc2 34. Qxa5 Rxf2 35. Kxf2 Qxh2+ 36. Ke3 Nc2+ 37. Kd3 Nd4 38. Rd2 Qxg3 39. Qxd5 Nxf3 40. Rb2 e4+ 41. Nxe4 Ne5+ 42. Kc2 Qg2+ 43. Kb3 Qf3+ 44. Nc3 g5 45. Qxf3 Nxf3 46. Kc2 g4 47. Kd3 g3 48. Ke3 1-0

[Event "Manhem Chess Week-Elo 2019"]
[Site "Moelnlycke"]
[Date "2019.08.13"]
[Round "4.2"]
[White "Fransson, Lennart"]
[Black "Rasti, Arvin"]
[Result "0-1"]
[ECO "B21"]
[WhiteElo "2014"]
[BlackElo "2220"]
[Annotator "ChessBase"]
[PlyCount "34"]
[EventDate "2019.08.10"]
[EventType "tourn"]
[EventCountry "SWE"]
[SourceTitle "playchess.com"]
[Source "ChessBase"]
[SourceQuality "1"]
[TimeControl "40/5400+30:1800+30"]

1. e4 c5 2. d4 cxd4 3. c3 d3 4. Bxd3 Nc6 5. Nf3 d6 6. h3 g6 7. Bg5 Bg7 8. Qd2 Nf6 9. Na3 O-O 10. Bh6 a6 11. Bxg7 Kxg7 12. Nc2 Qb6 13. Ne3 Be6 14. Ng5 Ne5 15. f4 Qxb2 16. Qxb2 Nxd3+ 17. Kd2 Nxb2 0-1

[Event "Manhem Chess Week-Elo 2019"]
[Site "Moelnlycke"]
[Date "2019.08.13"]
[Round "4.4"]
[White "Berggren Torell, Harald"]
[Black "Bergre, Joachim"]
[Result "1-0"]
[ECO "B07"]
[WhiteElo "2137"]
[BlackElo "1928"]
[Annotator "ChessBase"]
[PlyCount "67"]
[EventDate "2019.08.10"]
[EventType "tourn"]
[EventCountry "SWE"]
[SourceTitle "playchess.com"]
[Source "ChessBase"]
[SourceQuality "1"]
[TimeControl "40/5400+30:1800+30"]

1. d4 d6 2. Nc3 g6 3. e4 Bg7 4. Be3 Nf6 5. Be2 a6 6. h4 h5 7. Nh3 Ng4 8. Bg5 Nc6 9. f3 Nh6 10. Be3 Bxh3 11. Rxh3 Qd7 12. Qd2 Na7 13. a3 c6 14. a4 e6 15. a5 Ng8 16. Na4 Nc8 17. Qb4 Bf8 18. Qb3 Qc7 19. Qc3 d5 20. e5 Na7 21. b3 Ne7 22. g4 Nec8 23. Kf2 Be7 24. Rg1 hxg4 25. Rxg4 Bd8 26. Bd2 Ne7 27. h5 Nf5 28. Kg2 Rxh5 29. Rxh5 gxh5 30. Rg8+ Ke7 31. Qc5+ Kd7 32. Nb6+ Qxb6 33. axb6 Be7 34. Rxa8 1-0

[Event "Manhem Chess Week-Elo 2019"]
[Site "Moelnlycke"]
[Date "2019.08.13"]
[Round "4.4"]
[White "Berggren Torell, Harald"]
[Black "Bergre, Joachim"]
[Result "1/2-1/2"]
[ECO "B01"]
[WhiteElo "2137"]
[BlackElo "1928"]
[Annotator "NA"]
[PlyCount "26"]
[EventDate "2019.08.10"]
[EventType "tourn"]
[EventCountry "SWE"]
[SourceTitle "playchess.com"]
[Source "ChessBase"]
[SourceQuality "1"]
[TimeControl "40/5400+30:1800+30"]

1. e4 d5 2. exd5 Qxd5 3. Nf3 Nf6 4. d4 c6 5. c4 Qd8 6. h3 Bf5 7. Nc3 e6 8. Be2 Be7 9. Be3 $14 h6 10. O-O O-O 11. Qb3 Qc8 12. Rfd1 Nbd7 13. Bd3 Bxd3 1/2-1/2

[Event "Manhem Chess Week-Elo 2019"]
[Site "Moelnlycke"]
[Date "2019.08.13"]
[Round "4.5"]
[White "Degerfeldt, Sven"]
[Black "Ziegler, Nathalie"]
[Result "1-0"]
[ECO "E92"]
[WhiteElo "1918"]
[BlackElo "1846"]
[Annotator "NA"]
[PlyCount "97"]
[EventDate "2019.08.10"]
[EventType "tourn"]
[EventCountry "SWE"]
[SourceTitle "playchess.com"]
[Source "ChessBase"]
[SourceQuality "1"]
[TimeControl "40/5400+30:1800+30"]

1. d4 Nf6 2. c4 g6 3. Nc3 Bg7 4. e4 d6 5. h3 O-O 6. Be3 e5 7. d5 a5 8. Nf3 Na6 9. Be2 Bd7 10. Nd2 $14 Nc5 11. b3 Ne8 12. Qc2 f5 13. O-O-O Nf6 14. f3 Nh5 15. g4 Ng3 16. Rh2 Qe8 17. gxf5 a4 18. b4 Na6 19. a3 gxf5 20. Rg1 f4 21. Bf2 Nxe2+ 22. Nxe2 b5 23. Rhg2 Rf7 24. Nxf4 Rxf4 25. Rxg7+ Kh8 26. Be3 Rf6 27. h4 c5 28. dxc6 Bxc6 29. Kb1 Qe6 30. Qd3 bxc4 31. Qxc4 Qxc4 32. Nxc4 Bb5 33. Nb6 Raf8 34. Nd7 Bxd7 35. Rxd7 Rxf3 36. Rgg7 Rc8 37. Rxh7+ Kg8 38. Rdg7+ Kf8 39. Ra7 Kg8 40. Rag7+ Kf8 41. Rg4 Rxe3 42. Rh8+ Kf7 43. Rxc8 Rxa3 44. Rg2 Rh3 45. b5 Nb4 46. Rc7+ Kf6 47. Rcg7 Rb3+ 48. Kc1 a3 49. R2g6# 1-0

[Event "Manhem Chess Week-Elo 2019"]
[Site "Moelnlycke"]
[Date "2019.08.13"]
[Round "4.6"]
[White "Berg, Roy"]
[Black "Bohlin, Jan"]
[Result "1/2-1/2"]
[ECO "E05"]
[WhiteElo "1913"]
[BlackElo "1724"]
[Annotator "NA"]
[PlyCount "66"]
[EventDate "2019.08.10"]
[EventType "tourn"]
[EventCountry "SWE"]
[SourceTitle "playchess.com"]
[Source "ChessBase"]
[SourceQuality "1"]
[TimeControl "40/5400+30:1800+30"]

1. d4 Nf6 2. Nf3 d5 3. c4 e6 4. g3 Be7 5. Nc3 O-O 6. Bg2 dxc4 7. Ne5 Nc6 $11 8. Nxc6 bxc6 9. Bxc6 Rb8 10. O-O Bb7 11. Bxb7 Rxb7 12. e3 c5 13. Qf3 Nd5 14. Rd1 Rd7 15. Qe2 Nb6 16. a4 cxd4 17. exd4 Rxd4 18. Be3 Rxd1+ 19. Rxd1 Qc7 20. a5 Nc8 21. Rd4 Qxa5 22. Rxc4 Nd6 23. Ra4 Qe5 24. Rxa7 Nf5 25. Rb7 Bf6 26. Bf4 Qa5 27. Qb5 Bxc3 28. bxc3 Qxc3 29. Rb8 Qa3 30. Bd2 h5 31. Rxf8+ Qxf8 32. Qe2 Nd4 33. Qe4 Nf5 1/2-1/2

[Event "Manhem Chess Week-Elo 2019"]
[Site "Moelnlycke"]
[Date "2019.08.13"]
[Round "4.7"]
[White "Johansson, Eva"]
[Black "Hattab, Hashim"]
[Result "1-0"]
[ECO "A46"]
[WhiteElo "1869"]
[BlackElo "1868"]
[Annotator "NA"]
[PlyCount "75"]
[EventDate "2019.08.10"]
[EventType "tourn"]
[EventCountry "SWE"]
[SourceTitle "playchess.com"]
[Source "ChessBase"]
[SourceQuality "1"]
[TimeControl "40/5400+30:1800+30"]

1. d4 Nf6 2. g3 d6 3. Bg2 c6 4. Nf3 Bg4 5. h3 Bxf3 6. Bxf3 Nbd7 7. c4 e5 8. Nc3 Be7 9. O-O $14 Qb6 10. e3 Rd8 11. b3 O-O 12. Bb2 Rfe8 13. Qc2 Bf8 14. Bg2 a5 15. Rad1 g6 16. Rfe1 Nh5 17. Ne4 Qc7 18. dxe5 dxe5 19. c5 Nhf6 20. Nxf6+ Nxf6 21. a3 Rd7 22. Rxd7 Nxd7 23. b4 Bg7 24. Rd1 axb4 25. axb4 h5 26. Qc4 Nf8 27. b5 cxb5 28. Qxb5 Rb8 29. Ba3 Bf6 30. Bd5 h4 31. e4 hxg3 32. fxg3 Kg7 33. Kg2 Nh7 34. Bxf7 Qxf7 35. Rd7 Be7 36. c6 Qa2+ 37. Bb2 Kf8 38. Qxe5 1-0

[Event "Manhem Chess Week-Elo 2019"]
[Site "Moelnlycke"]
[Date "2019.08.13"]
[Round "4.8"]
[White "Peterson, Rolf"]
[Black "Jacobsson, Lennart"]
[Result "0-1"]
[ECO "A47"]
[WhiteElo "1580"]
[BlackElo "1754"]
[Annotator "NA"]
[PlyCount "82"]
[EventDate "2019.08.10"]
[EventType "tourn"]
[EventCountry "SWE"]
[SourceTitle "playchess.com"]
[Source "ChessBase"]
[SourceQuality "1"]
[TimeControl "40/5400+30:1800+30"]

1. d4 Nf6 2. Nf3 c5 3. c3 b6 4. Bf4 e6 5. e3 Bb7 6. Na3 cxd4 7. Nb5 d6 8. exd4 Be7 9. Bd3 O-O 10. O-O a6 11. Na3 Qc7 12. Nc4 Nbd7 13. Ncd2 Rac8 14. Qc2 h6 15. Rae1 Nd5 16. Be3 Nb4 17. Qb1 Nxd3 18. Qxd3 Nf6 19. Bf4 Nd5 20. Bg3 Rfd8 21. Ra1 Qc6 22. Rfd1 b5 23. Ne1 Nb6 24. Qf3 Qd7 25. Qe2 Bd5 26. Nb3 Qb7 27. f3 Nc4 28. Nd3 a5 29. Nd2 Kf8 30. Nf4 Nxb2 31. Nxd5 Qxd5 32. Rdb1 Nc4 33. Nxc4 Rxc4 34. Qb2 b4 35. Be1 Bf6 36. Rc1 Rxd4 37. Bf2 Rd2 38. Qb3 Bxc3 39. Rab1 Rxa2 40. Rxc3 bxc3 41. Qxc3 Qd2 0-1

[Event "Manhem Chess Week-Elo 2019"]
[Site "Moelnlycke"]
[Date "2019.08.14"]
[Round "5.2"]
[White "Rasti, Arvin"]
[Black "Olsson, William"]
[Result "1-0"]
[ECO "D47"]
[WhiteElo "2220"]
[BlackElo "2113"]
[Annotator "NA"]
[PlyCount "41"]
[EventDate "2019.08.10"]
[EventType "tourn"]
[EventCountry "SWE"]
[SourceTitle "playchess.com"]
[Source "ChessBase"]
[SourceQuality "1"]
[TimeControl "40/5400+30:1800+30"]

1. d4 d5 2. c4 c6 3. Nf3 Nf6 4. Nc3 e6 5. e3 Nbd7 6. Bd3 dxc4 7. Bxc4 b5 8. Bd3 Bb7 9. e4 b4 10. Na4 c5 11. e5 Nd5 12. O-O a6 13. Bg5 Qb8 14. Nxc5 Nxc5 15. dxc5 Bxc5 16. Qa4+ Kf8 17. Rac1 Qa7 18. Be4 h6 19. Bd2 Qb6 20. Bxd5 Bxd5 21. Rxc5 1-0

[Event "Manhem Chess Week-Elo 2019"]
[Site "Moelnlycke"]
[Date "2019.08.14"]
[Round "5.3"]
[White "Moller, Mikael"]
[Black "Berggren Torell, Harald"]
[Result "0-1"]
[ECO "B09"]
[WhiteElo "1957"]
[BlackElo "2137"]
[Annotator "NA"]
[PlyCount "40"]
[EventDate "2019.08.10"]
[EventType "tourn"]
[EventCountry "SWE"]
[SourceTitle "playchess.com"]
[Source "ChessBase"]
[SourceQuality "1"]
[TimeControl "40/5400+30:1800+30"]

1. d4 d6 2. e4 Nf6 3. Nc3 g6 4. f4 Bg7 5. Nf3 O-O 6. Be3 Nbd7 7. e5 Ng4 8. Bg1 c5 9. dxc5 dxe5 10. h3 Nh6 11. Qd2 Nf5 12. Bf2 exf4 13. Bd3 Ne5 14. Nxe5 Bxe5 15. O-O-O Qa5 16. Kb1 Be6 17. a3 Ne3 18. Nd5 Qxd2 19. Nxe7+ Kg7 20. Rxd2 Rfe8 0-1

[Event "Manhem Chess Week-Elo 2019"]
[Site "Moelnlycke"]
[Date "2019.08.14"]
[Round "5.4"]
[White "Bergre, Joachim"]
[Black "Fransson, Lennart"]
[Result "0-1"]
[ECO "A21"]
[WhiteElo "1928"]
[BlackElo "2014"]
[Annotator "NA"]
[PlyCount "50"]
[EventDate "2019.08.10"]
[EventType "tourn"]
[EventCountry "SWE"]
[SourceTitle "playchess.com"]
[Source "ChessBase"]
[SourceQuality "1"]
[TimeControl "40/5400+30:1800+30"]

1. Nf3 f5 2. c4 Nf6 3. Nc3 d6 4. g3 e5 5. d3 Be7 6. Bg2 O-O 7. O-O Qe8 8. Bd2 Qh5 9. Nd5 Bd8 10. Rc1 f4 11. b4 Nxd5 12. cxd5 Rf6 13. Rc4 g5 14. Bc1 Rh6 15. Re1 b5 16. Rc2 Bh3 17. Bh1 Bf5 18. Bg2 Nd7 19. e3 g4 20. exf4 gxf3 21. Qxf3 Qxh2+ 22. Kf1 Bh3 23. fxe5 Bxg2+ 24. Qxg2 Qh1+ 25. Qxh1 Rxh1+ 0-1

[Event "Manhem Chess Week-Elo 2019"]
[Site "Moelnlycke"]
[Date "2019.08.14"]
[Round "5.5"]
[White "Hattab, Hashim"]
[Black "Degerfeldt, Sven"]
[Result "1-0"]
[ECO "D31"]
[WhiteElo "1868"]
[BlackElo "1918"]
[Annotator "NA"]
[PlyCount "109"]
[EventDate "2019.08.10"]
[EventType "tourn"]
[EventCountry "SWE"]
[SourceTitle "playchess.com"]
[Source "ChessBase"]
[SourceQuality "1"]
[TimeControl "40/5400+30:1800+30"]

1. d4 d5 2. c4 e6 3. Nc3 a6 4. cxd5 exd5 5. Bf4 Nf6 6. e3 Bd6 7. Bg3 O-O 8. Bd3 Re8 9. Nf3 c6 10. Qb3 b5 11. Ne5 Be6 12. Rc1 c5 13. Bb1 c4 14. Qc2 g6 15. Qd1 b4 16. Ne2 Nh5 17. f4 f5 18. Bf2 Nd7 19. h3 Ndf6 20. Bh4 Qc7 21. Rg1 Ne4 22. g4 Ng7 23. Bxe4 fxe4 24. Bg5 Be7 25. Qa4 a5 26. h4 Bxg5 27. hxg5 Rf8 28. Rh1 Qc8 29. Rh4 Ra7 30. Kf2 Bd7 31. Qc2 Ne6 32. Kg2 Be8 33. Qd2 Rg7 34. Qe1 Qb7 35. Qg3 a4 36. Rh2 Nd8 37. Qh4 Nc6 38. Kh1 Qc7 39. Rf2 Qb6 40. Qg3 Nxe5 41. dxe5 Bd7 42. Nd4 Qd8 43. Rg1 Qe7 44. e6 Be8 45. Rh2 a3 46. bxa3 bxa3 47. Qh4 Qb4 48. f5 gxf5 49. gxf5 Qc3 50. Qf2 Rb7 51. g6 Bxg6 52. fxg6 Rxf2 53. gxh7+ Kf8 54. h8=Q+ Ke7 55. Rxf2 1-0

[Event "Manhem Chess Week-Elo 2019"]
[Site "Moelnlycke"]
[Date "2019.08.14"]
[Round "5.6"]
[White "Bohlin, Jan"]
[Black "Peterson, Rolf"]
[Result "1-0"]
[ECO "A52"]
[WhiteElo "1724"]
[BlackElo "1580"]
[Annotator "NA"]
[PlyCount "97"]
[EventDate "2019.08.10"]
[EventType "tourn"]
[EventCountry "SWE"]
[SourceTitle "playchess.com"]
[Source "ChessBase"]
[SourceQuality "1"]
[TimeControl "40/5400+30:1800+30"]

1. d4 Nf6 2. c4 e5 3. dxe5 Ng4 4. Nf3 Bc5 5. e3 Nc6 6. Be2 d6 7. exd6 Bxd6 8. O-O O-O 9. Nc3 Be6 10. Ne4 Nge5 11. Nxd6 cxd6 12. b3 Qc7 13. Bb2 Rfd8 14. Qc2 Rac8 15. Rac1 f6 16. Rfd1 Qf7 17. Nd4 Nxd4 18. exd4 Ng6 19. d5 Bd7 20. Bd3 f5 21. Re1 Nf4 22. Qd2 Nxd3 23. Qxd3 Re8 24. Qd4 b6 25. Kf1 Rxe1+ 26. Rxe1 Re8 27. Rxe8+ Bxe8 28. f4 Bd7 29. Kf2 Kf8 30. Ba3 Qe7 31. b4 Kf7 32. g3 Qf6 33. Qxf6+ Kxf6 34. Ke3 a6 35. Bb2+ Kf7 36. Bd4 b5 37. c5 Bc8 38. c6 g6 39. Bb6 Ke7 40. Kf3 h6 41. Bc7 g5 42. h4 g4+ 43. Ke3 h5 44. Kd4 Ke8 45. Bxd6 Kd8 46. Ke5 Ke8 47. Bc5 Kd8 48. d6 a5 49. d7 1-0

[Event "Manhem Chess Week-Elo 2019"]
[Site "Moelnlycke"]
[Date "2019.08.14"]
[Round "5.7"]
[White "Jacobsson, Lennart"]
[Black "Johansson, Eva"]
[Result "1/2-1/2"]
[ECO "B07"]
[WhiteElo "1754"]
[BlackElo "1869"]
[Annotator "NA"]
[PlyCount "69"]
[EventDate "2019.08.10"]
[EventType "tourn"]
[EventCountry "SWE"]
[SourceTitle "playchess.com"]
[Source "ChessBase"]
[SourceQuality "1"]
[TimeControl "40/5400+30:1800+30"]

1. e4 d6 2. d4 Nf6 3. Nc3 g6 4. Bg5 c6 5. f4 Bg7 6. Nf3 O-O 7. Be2 b5 8. e5 Ne8 9. O-O Nc7 10. Ne4 Ne6 11. Kh1 Nxg5 12. Nfxg5 h6 13. Nf3 Qc7 14. Ng3 a6 15. Bd3 dxe5 16. dxe5 e6 17. Ne4 c5 18. Nd6 Bd7 19. Be4 Bc6 20. Qe2 Rd8 21. Rad1 Bf8 22. Bxc6 Nxc6 23. Ne4 Ne7 24. Nf6+ Kg7 25. Nd2 Nf5 26. c3 c4 27. Nde4 Qc6 28. Rxd8 Rxd8 29. Rd1 Qc7 30. Rd2 Be7 31. Qe1 Kf8 32. Nh7+ Kg7 33. Nhf6 Kf8 34. Nh7+ Kg7 35. Nhf6 1/2-1/2

[Event "Manhem Chess Week-Elo 2019"]
[Site "Moelnlycke"]
[Date "2019.08.14"]
[Round "5.8"]
[White "Ziegler, Nathalie"]
[Black "Berg, Roy"]
[Result "0-1"]
[ECO "D10"]
[WhiteElo "1846"]
[BlackElo "1913"]
[Annotator "NA"]
[PlyCount "68"]
[EventDate "2019.08.10"]
[EventType "tourn"]
[EventCountry "SWE"]
[SourceTitle "playchess.com"]
[Source "ChessBase"]
[SourceQuality "1"]
[TimeControl "40/5400+30:1800+30"]

1. d4 d5 2. c4 c6 3. cxd5 cxd5 4. Nc3 Nf6 5. f3 Nc6 6. e4 e6 7. e5 Nd7 8. f4 Qb6 9. Nf3 Be7 10. Be2 f5 11. O-O Nf8 12. Kh1 Bd7 13. a3 h6 14. b4 Rc8 15. Na4 Qd8 16. Nc5 b6 17. Nb3 Nh7 18. Bd2 O-O 19. b5 Nb8 20. Qe1 Be8 21. a4 g5 22. a5 g4 23. Ng1 Nd7 24. Qd1 h5 25. Qe1 Bh4 26. Qd1 Kh8 27. Bb4 Rg8 28. axb6 axb6 29. Ra7 Bg3 30. hxg3 h4 31. Qd3 Rg6 32. Bd1 Rh6 33. Ne2 hxg3+ 34. Kg1 Rh1+ 0-1

[Event "Manhem Chess Week-Elo 2019"]
[Site "Moelnlycke"]
[Date "2019.08.15"]
[Round "6.1"]
[White "Bengtsson, Jonas"]
[Black "Berggren Torell, Harald"]
[Result "1-0"]
[ECO "E94"]
[WhiteElo "2145"]
[BlackElo "2137"]
[Annotator "NA"]
[PlyCount "91"]
[EventDate "2019.08.10"]
[EventType "tourn"]
[EventCountry "SWE"]
[SourceTitle "playchess.com"]
[Source "ChessBase"]
[SourceQuality "1"]
[TimeControl "40/5400+30:1800+30"]

1. d4 g6 2. c4 Bg7 3. Nf3 d6 4. Nc3 Nf6 5. e4 O-O 6. Be2 e5 $14 7. O-O exd4 8. Nxd4 Re8 9. f3 c6 10. Kh1 Nbd7 11. Bg5 Qb6 12. Nb3 a5 13. Qd2 a4 14. Be3 Qd8 15. Nd4 Qe7 16. Bg5 Nc5 17. Rad1 Qf8 18. Rfe1 Nfd7 19. Bf1 Ne5 20. Qc2 h6 21. Bh4 g5 22. Bf2 Ng6 23. Nce2 Be5 24. Ng3 Ne6 25. Ndf5 Ngf4 26. Rd2 Kh7 27. Red1 Rd8 28. Nxd6 c5 29. Ngf5 b6 30. Nxc8 Raxc8 31. Qxa4 Nd4 32. Bxd4 cxd4 33. Nxd4 Qc5 34. b4 Qd6 35. Nb3 Qf6 36. c5 Ne6 37. Rxd8 Rxd8 38. Rxd8 Qf4 39. g3 Qxf3+ 40. Bg2 Qe2 41. Nd2 Nxd8 42. Qd7 bxc5 43. bxc5 Bf6 44. c6 Qd1+ 45. Bf1 Nxc6 46. Qxc6 1-0

[Event "Manhem Chess Week-Elo 2019"]
[Site "Moelnlycke"]
[Date "2019.08.15"]
[Round "6.3"]
[White "Fransson, Lennart"]
[Black "Moller, Mikael"]
[Result "1/2-1/2"]
[ECO "A03"]
[WhiteElo "2014"]
[BlackElo "1957"]
[Annotator "NA"]
[PlyCount "216"]
[EventDate "2019.08.10"]
[EventType "tourn"]
[EventCountry "SWE"]
[SourceTitle "playchess.com"]
[Source "ChessBase"]
[SourceQuality "1"]
[TimeControl "40/5400+30:1800+30"]

1. f4 d5 2. e3 c5 3. Nf3 Nc6 4. Be2 g6 5. O-O Bg7 6. Qe1 e5 7. fxe5 Nxe5 8. Qg3 Qd6 9. Bb5+ Ke7 10. d4 Nxf3+ 11. Qxf3 Nf6 12. dxc5 Qxc5 13. Nc3 Rd8 14. Kh1 Be6 15. Ba4 Kf8 16. Bb3 Qc6 17. Ba4 Qc4 18. Bb5 Qg4 19. Be2 Qxf3 20. Bxf3 Bf5 21. Bd1 Ne4 22. Nb5 Bd7 23. Nd4 Kg8 24. Kg1 Re8 25. Bf3 Rac8 26. c3 Re5 27. Bxe4 Rxe4 28. Bd2 Rce8 29. Rfe1 Be5 30. a4 a5 31. Nc2 Bxa4 32. Nd4 Bc6 33. Rxa5 Bc7 34. Ra7 Bb6 35. Nxc6 bxc6 36. Ra6 Rb8 37. Kf2 f5 38. b4 Kf7 39. Ke2 Ke7 40. Kd3 Kd6 41. Re2 Kc7 42. Ra1 Rbe8 43. Rae1 Kd6 44. Bc1 g5 45. Ra2 h5 46. Rf2 R8e5 47. Rfe2 h4 48. Ra2 Re8 49. Ra6 Kc7 50. Ra2 g4 51. Rc2 Kd6 52. Rf2 R8e5 53. Ra2 Re8 54. Rf2 R8e5 55. Rfe2 g3 56. hxg3 hxg3 57. Rh1 Re6 58. Rf1 R6e5 59. Rf3 Rg4 60. Bd2 Ke6 61. Be1 Ree4 62. Rxg3 Rxg3 63. Bxg3 c5 64. bxc5 Bxc5 65. Bf4 Ra4 66. g3 Ra1 67. Rh2 Rd1+ 68. Kc2 Re1 69. Rh6+ Kf7 70. Kd2 Ra1 71. Rc6 Ra5 72. Be5 Be7 73. Ke2 Ra4 74. Bd4 Ra1 75. Rb6 Rh1 76. Kf2 Ra1 77. Be5 Rc1 78. Ke2 Ra1 79. Kd2 Rg1 80. Kc2 Re1 81. Bf4 Rg1 82. Rh6 Re1 83. Rh2 Ke6 84. Rh6+ Kf7 85. Ra6 Rg1 86. Ra7 Ke6 87. Rb7 Bc5 88. Rc7 Be7 89. c4 dxc4 90. Rxc4 Re1 91. Ra4 Rg1 92. Kd2 Rb1 93. Ra6+ Kd5 94. Ra5+ Ke6 95. Re5+ Kf6 96. Rd5 Ke6 97. Rd3 Bc5 98. Kc2 Rg1 99. Rd8 Be7 100. Re8 Kf7 101. Rb8 Bf6 102. Ra8 Ke6 103. Kd3 Rd1+ 104. Ke2 Rg1 105. Kf2 Rb1 106. Rc8 Ra1 107. Rc2 Rb1 108. Kg2 Rb2 1/2-1/2

[Event "Manhem Chess Week-Elo 2019"]
[Site "Moelnlycke"]
[Date "2019.08.15"]
[Round "6.4"]
[White "Olsson, William"]
[Black "Bergre, Joachim"]
[Result "1/2-1/2"]
[ECO "A36"]
[WhiteElo "2113"]
[BlackElo "1928"]
[Annotator "NA"]
[PlyCount "88"]
[EventDate "2019.08.10"]
[EventType "tourn"]
[EventCountry "SWE"]
[SourceTitle "playchess.com"]
[Source "ChessBase"]
[SourceQuality "1"]
[TimeControl "40/5400+30:1800+30"]

1. c4 Nf6 2. Nc3 c5 3. g3 Nc6 4. Bg2 g6 5. d3 Bg7 6. e4 O-O 7. Nge2 a6 8. O-O Rb8 9. a4 d6 10. h3 Bd7 11. Be3 Qc8 12. Kh2 Ne8 13. Qb1 b6 14. Rd1 Nc7 15. Qc1 b5 16. axb5 axb5 17. cxb5 Nxb5 18. Nxb5 Rxb5 19. Nc3 Rb3 20. Rd2 Qb8 21. Bf3 Nd4 22. Bd1 Rb7 23. Ra3 Be6 24. Qa1 Bb3 25. Bxd4 Bxd4 26. Bf3 Be6 27. Bg2 Rb3 28. Ra7 Bf6 29. f4 Qb4 30. Ra4 Qb8 31. Re2 Bd4 32. Qc1 Bd7 33. Ra2 e6 34. Rc2 Qb6 35. Bf3 Rb8 36. Bd1 Bc6 37. Re2 Rb4 38. b3 Qd8 39. Nb1 Ra8 40. Rxa8 Qxa8 41. Na3 Rb7 42. Nc2 Bg7 43. Ne3 Ra7 44. Qc2 Bd4 1/2-1/2

[Event "Manhem Chess Week-Elo 2019"]
[Site "Moelnlycke"]
[Date "2019.08.15"]
[Round "6.5"]
[White "Bohlin, Jan"]
[Black "Ziegler, Nathalie"]
[Result "1-0"]
[ECO "E81"]
[WhiteElo "1724"]
[BlackElo "1846"]
[Annotator "NA"]
[PlyCount "153"]
[EventDate "2019.08.10"]
[EventType "tourn"]
[EventCountry "SWE"]
[SourceTitle "playchess.com"]
[Source "ChessBase"]
[SourceQuality "1"]
[TimeControl "40/5400+30:1800+30"]

1. d4 Nf6 2. c4 g6 3. Nc3 Bg7 4. e4 d6 5. f3 O-O 6. Bg5 h6 7. Be3 c6 8. Qd2 h5 9. Bd3 a6 10. Nge2 b5 11. cxb5 axb5 12. O-O b4 13. Nd1 Qa5 14. Nf2 Bb7 15. Nc1 Nbd7 16. Nb3 Qb6 17. Rfc1 Rfc8 18. Kh1 Ba6 19. Bxa6 Rxa6 20. Nd3 Rb8 21. Rc4 Ra4 22. Rac1 Rxa2 23. Rxc6 Qb5 24. R6c4 Ra4 25. R4c2 Kh7 26. g3 Ra7 27. d5 Rab7 28. Ra1 Ne5 29. Nxe5 dxe5 30. Kg2 Qe8 31. Rac1 Qd8 32. Nc5 Rb6 33. Nd3 Rb5 34. Qe2 Ne8 35. Nc5 Nc7 36. Qf2 Ra5 37. Nb3 Nb5 38. Nxa5 Qxa5 39. Rd1 Nd4 40. Bxd4 exd4 41. f4 b3 42. Rcd2 Rc8 43. Qf3 Qb4 44. e5 Rc2 45. Qd3 Qa4 46. Rxc2 bxc2 47. Rc1 Qa2 48. Qxd4 f6 49. Rxc2 fxe5 50. fxe5 Qa5 51. Qe4 Qb5 52. d6 exd6 53. exd6 Qd7 54. Qf4 Qb7+ 55. Qf3 Qd7 56. Rd2 Bh6 57. Rd3 Bg7 58. b4 Be5 59. h4 Qe6 60. d7 Qa2+ 61. Qf2 Qa8+ 62. Kh2 Qd8 63. Qf7+ Kh6 64. Qe8 Qxh4+ 65. Kg1 Bd4+ 66. Rxd4 Qxd4+ 67. Kf1 Qd1+ 68. Kf2 Qd2+ 69. Kf3 Qd5+ 70. Ke3 Qb3+ 71. Kd4 Qxb4+ 72. Kd5 Qb5+ 73. Kd6 Qb6+ 74. Ke7 Qc5+ 75. Kf7 Qf5+ 76. Kg8 Qf6 77. Qf8+ 1-0

[Event "Manhem Chess Week-Elo 2019"]
[Site "Moelnlycke"]
[Date "2019.08.15"]
[Round "6.6"]
[White "Degerfeldt, Sven"]
[Black "Jacobsson, Lennart"]
[Result "1/2-1/2"]
[ECO "A57"]
[WhiteElo "1918"]
[BlackElo "1754"]
[Annotator "NA"]
[PlyCount "105"]
[EventDate "2019.08.10"]
[EventType "tourn"]
[EventCountry "SWE"]
[SourceTitle "playchess.com"]
[Source "ChessBase"]
[SourceQuality "1"]
[TimeControl "40/5400+30:1800+30"]

1. d4 Nf6 2. c4 c5 3. d5 b5 4. Qc2 bxc4 5. e4 d6 6. Bxc4 g6 7. Nd2 Bg7 8. Rb1 O-O 9. Ne2 Ng4 10. O-O Nd7 11. h3 Nge5 12. b3 Rb8 13. Bb2 Qc7 14. f4 Nxc4 15. Nxc4 Bxb2 16. Rxb2 Nb6 17. Ne3 Ba6 18. Rc1 Bxe2 19. Qxe2 Qb7 20. Rd2 Nd7 21. Nc4 Qc7 22. e5 Nb6 23. Re1 Nxc4 24. bxc4 Rb4 25. Rc2 Rfb8 26. Kh2 Rb1 27. Rxb1 Rxb1 28. Qe4 Rb4 29. Re2 Rb8 30. h4 Qc8 31. Qf3 a5 32. e6 f6 33. f5 Qf8 34. Qf4 gxf5 35. Re3 Kh8 36. Rg3 a4 37. h5 Qd8 38. Qxf5 h6 39. Qf4 Qf8 40. Rg6 Kh7 41. Qf5 Kh8 42. Qf4 Kh7 43. Qe4 f5 44. Qc2 a3 45. Qc3 Qh8 46. Qxh8+ Rxh8 47. Rg3 Ra8 48. Rb3 Kg7 49. Kg3 Kf6 50. Kf4 Ra4 51. Rc3 Ra8 52. Rg3 Rg8 53. Rxg8 {[%emt 0:00:04] Ke5+ Ke4+} 1/2-1/2